PL
ATLANTA SMOKE @ LOUISVILLE BC
06/30/2023
 
TOP OF THE 1ST
Atlanta Smoke batting - Pitching for Louisville BC : RHP Leroy Picot
Pitching: RHP Leroy Picot
Batting: RHB Bartolo Morales 0-0: Ball
1-0: Swinging Strike
1-1: Ball
2-1: Ball
3-1: SINGLE (Groundball, 56)
Batting: LHB Bernardo Elías 0-0: SINGLE (Groundball, 13S) (infield hit)
Bartolo Morales to second
Batting: LHB Albert Morán 0-0: Ball
1-0: SINGLE (Groundball, 6M)
Bartolo Morales to third
Bernardo Elías to second
Runner from 3rd tries for Home, SAFE, no throw or cutoff
Batting: RHB Chris Teague 0-0: Ball
1-0: Fly out, F6 (Popup, 6MD)
Batting: LHB Carl Gore 0-0: Ball
1-0: 3-RUN HOME RUN (Flyball, 89XD), Distance : 396 ft
Batting: RHB Iván Pérez 0-0: Called Strike
0-1: Ball
1-1: Swinging Strike
1-2: Strikes out looking
Batting: RHB Cale Sutton 0-0: Ball
1-0: Ground out 4-3 (Groundball, 4)
Top of the 1st over - 4 run(s), 4 hit(s), 0 error(s), 0 left on base; Atlanta 4 - Louisville 0
BOTTOM OF THE 1ST
Louisville BC batting - Pitching for Atlanta Smoke : LHP Júlio Hernández
Pitching: LHP Júlio Hernández
Batting: LHB Carroll Martin 0-0: Called Strike
0-1: Ball
1-1: Called Strike
1-2: Ball
2-2: Foul Ball, location: 2F
2-2: Ball
3-2: Foul Ball, location: 2F
3-2: Base on Balls
Batting: RHB José Lozano 0-0: Called Strike
Carroll Martin steals 2nd base
0-1: Swinging Strike
0-2: Foul Ball, location: 2F
0-2: Ball
1-2: Ground out 4-3 (Groundball, 4M)
Carroll Martin to third
Batting: RHB Andrés Rodríguez 0-0: Ground out 1-3 (Groundball, 15S)
Batting: RHB Chi-ju Zhang 0-0: 2-RUN HOME RUN (Flyball, 78XD), Distance : 392 ft
Batting: LHB Tim Hargrove 0-0: Ball
1-0: Foul Ball, location: 2F
1-1: Called Strike
1-2: SINGLE (Line Drive, 4MD)
Batting: RHB José López 0-0: Called Strike
0-1: Ball
1-1: Ball
2-1: Ball
3-1: Fly out, F7 (Flyball, 7LD)
Bottom of the 1st over - 2 run(s), 2 hit(s), 0 error(s), 1 left on base; Atlanta 4 - Louisville 2
TOP OF THE 2ND
Atlanta Smoke batting - Pitching for Louisville BC : RHP Leroy Picot
Batting: RHB Mike Brown 0-0: Ball
1-0: Fly out, F7 (Flyball, 78D)
Batting: RHB Anthony Johnston 0-0: Ball
1-0: Ground out 5-3 (Groundball, 5)
Batting: RHB Bartolo Morales 0-0: Ground out 5-3 (Groundball, 56)
Top of the 2nd over - 0 run(s), 0 hit(s), 0 error(s), 0 left on base; Atlanta 4 - Louisville 2
BOTTOM OF THE 2ND
Louisville BC batting - Pitching for Atlanta Smoke : LHP Júlio Hernández
Batting: SHB Adrián Pueblo 0-0: Swinging Strike
0-1: Ball
1-1: Ball
2-1: Foul Ball, location: 2F
2-2: Strikes out looking
Batting: RHB Cliff May 0-0: Ball
1-0: Ball
2-0: Foul Ball, location: 2F
2-1: Foul Ball, location: 2F
2-2: Strikes out swinging
Batting: SHB Chris Williamson 0-0: Called Strike
0-1: Ball
1-1: Ball
2-1: Ball
3-1: Foul Ball, location: 2F
3-2: Strikes out swinging
Bottom of the 2nd over - 0 run(s), 0 hit(s), 0 error(s), 0 left on base; Atlanta 4 - Louisville 2
TOP OF THE 3RD
Atlanta Smoke batting - Pitching for Louisville BC : RHP Leroy Picot
Batting: LHB Bernardo Elías 0-0: Foul Ball, location: 2F
0-1: Swinging Strike
0-2: Strikes out looking
Batting: LHB Albert Morán 0-0: Ball
1-0: Called Strike
1-1: Foul Ball, location: 2F
1-2: Foul Ball, location: 2F
1-2: Foul Ball, location: 2F
1-2: Strikes out swinging
Batting: RHB Chris Teague 0-0: Ball
1-0: Ball
2-0: Ball
3-0: Called Strike
3-1: Foul Ball, location: 2F
3-2: Strikes out looking
Top of the 3rd over - 0 run(s), 0 hit(s), 0 error(s), 0 left on base; Atlanta 4 - Louisville 2
BOTTOM OF THE 3RD
Louisville BC batting - Pitching for Atlanta Smoke : LHP Júlio Hernández
Batting: LHB Carroll Martin 0-0: Ball
1-0: Ball
2-0: Bunted foul
2-1: Foul Ball, location: 2F
2-2: Foul Ball, location: 2F
2-2: Strikes out swinging
Batting: RHB José Lozano 0-0: Ball
1-0: Foul Ball, location: 2F
1-1: Ball
2-1: Ball
3-1: Foul Ball, location: 2F
3-2: Strikes out swinging
Batting: RHB Andrés Rodríguez 0-0: Swinging Strike
0-1: Called Strike
0-2: Ground out 6-3 (Groundball, 6)
Bottom of the 3rd over - 0 run(s), 0 hit(s), 0 error(s), 0 left on base; Atlanta 4 - Louisville 2
TOP OF THE 4TH
Atlanta Smoke batting - Pitching for Louisville BC : RHP Leroy Picot
Batting: LHB Carl Gore 0-0: Ground out 4-3 (Groundball, 4)
Batting: RHB Iván Pérez 0-0: Ball
1-0: Foul Ball, location: 2F
1-1: Swinging Strike
1-2: Strikes out swinging
Batting: RHB Cale Sutton 0-0: Called Strike
0-1: Ball
1-1: Ball
2-1: Foul Ball, location: 2F
2-2: Strikes out swinging
Top of the 4th over - 0 run(s), 0 hit(s), 0 error(s), 0 left on base; Atlanta 4 - Louisville 2
BOTTOM OF THE 4TH
Louisville BC batting - Pitching for Atlanta Smoke : LHP Júlio Hernández
Batting: RHB Chi-ju Zhang 0-0: Called Strike
0-1: Swinging Strike
0-2: Foul Ball, location: 2F
0-2: Foul Ball, location: 2F
0-2: Foul Ball, location: 2F
0-2: Foul Ball, location: 2F
0-2: DOUBLE (Line Drive, 78XD)
Batting: LHB Tim Hargrove 0-0: 2-RUN HOME RUN (Flyball, 89XD), Distance : 406 ft
Batting: RHB José López 0-0: Called Strike
0-1: Ball
1-1: Foul Ball, location: 2F
1-2: DOUBLE (Groundball, 5L)
Batting: SHB Adrián Pueblo 0-0: Called Strike
0-1: Called Strike
0-2: Strikes out swinging
Batting: RHB Cliff May 0-0: Called Strike
0-1: Ball
1-1: Called Strike
1-2: Hit by Pitch
Batting: SHB Chris Williamson 0-0: Ball
1-0: SINGLE (Line Drive, 6MD)
José López to third
Cliff May to second
Batting: LHB Carroll Martin 0-0: Called Strike
0-1: Swinging Strike
0-2: Ball
1-2: Foul Ball, location: 2F
1-2: Ball
2-2: Strikes out swinging
Batting: RHB José Lozano 0-0: Ball
1-0: Called Strike
1-1: Swinging Strike
1-2: Ball
2-2: SINGLE (Line Drive, 8RS)
José López scores
Cliff May to third
Chris Williamson to second
Batting: RHB Andrés Rodríguez 0-0: Foul Ball, location: 2F
0-1: Foul Ball, location: 2F
0-2: Ball
1-2: Ball
2-2: SINGLE (Line Drive, 34)
Cliff May scores
Chris Williamson to third
José Lozano to second
Runner from 3rd tries for Home, SAFE, no throw or cutoff
Batting: RHB Chi-ju Zhang 0-0: Ground out 3-1 (Groundball, 34)
Bottom of the 4th over - 5 run(s), 6 hit(s), 0 error(s), 2 left on base; Atlanta 4 - Louisville 7
TOP OF THE 5TH
Atlanta Smoke batting - Pitching for Louisville BC : RHP Leroy Picot
Batting: RHB Mike Brown 0-0: Fly out, F8 (Flyball, 8LS)
Batting: RHB Anthony Johnston 0-0: Ball
1-0: Swinging Strike
1-1: Swinging Strike
1-2: Foul Ball, location: 2F
1-2: Ball
2-2: Ball
3-2: Base on Balls
Batting: RHB Bartolo Morales 0-0: Ball
1-0: Ball
2-0: Called Strike
2-1: Swinging Strike
2-2: Strikes out swinging
Batting: LHB Bernardo Elías 0-0: Ball
1-0: Called Strike
1-1: Swinging Strike
1-2: Strikes out looking
Top of the 5th over - 0 run(s), 0 hit(s), 0 error(s), 1 left on base; Atlanta 4 - Louisville 7
BOTTOM OF THE 5TH
Louisville BC batting - Pitching for Atlanta Smoke : LHP Júlio Hernández
Batting: LHB Tim Hargrove 0-0: Ball
1-0: Ball
2-0: Called Strike
2-1: SOLO HOME RUN (Flyball, 8RXD), Distance : 414 ft
Pitching: RHP Andrés Martínez
Batting: RHB José López 0-0: Swinging Strike
0-1: Foul Ball, location: 2F
0-2: Ball
1-2: Ball
2-2: Strikes out swinging
Batting: SHB Adrián Pueblo 0-0: Foul Ball, location: 2F
0-1: Ball
1-1: Fly out, F7 (Flyball, 7M)
Batting: RHB Cliff May 0-0: SINGLE (Line Drive, 34D)
Batting: SHB Chris Williamson 0-0: Ball
1-0: Fielders Choice at 2nd, U6 (Groundball, 6M)
Bottom of the 5th over - 1 run(s), 2 hit(s), 0 error(s), 1 left on base; Atlanta 4 - Louisville 8
TOP OF THE 6TH
Atlanta Smoke batting - Pitching for Louisville BC : RHP Leroy Picot
Batting: LHB Albert Morán 0-0: Ball
1-0: SINGLE (Line Drive, 9S)
Batting: RHB Chris Teague 0-0: Ball
1-0: SINGLE (Flyball, 8LS)
Albert Morán to second
Batting: LHB Carl Gore 0-0: Fielders Choice at 2nd, 3-6 (Groundball, 34)
Albert Morán to third
Batting: RHB Iván Pérez 0-0: Called Strike
0-1: Called Strike
0-2: Ball
1-2: Ball
2-2: Strikes out looking
Batting: RHB Cale Sutton 0-0: Foul Ball, location: 2F
0-1: Ball
1-1: Ball
2-1: Foul Ball, location: 2F
2-2: Foul Ball, location: 2F
2-2: Ball
3-2: Ground out 1-3 (Groundball, 13S)
Top of the 6th over - 0 run(s), 2 hit(s), 0 error(s), 2 left on base; Atlanta 4 - Louisville 8
BOTTOM OF THE 6TH
Louisville BC batting - Pitching for Atlanta Smoke : RHP Andrés Martínez
Batting: LHB Carroll Martin 0-0: DOUBLE (Flyball, 8RXD)
Batting: RHB José Lozano 0-0: Ground out 3-1 (Groundball, 34S)
Carroll Martin to third
Batting: RHB Andrés Rodríguez 0-0: SINGLE (Groundball, 6MD) (infield hit)
Carroll Martin scores
Batting: RHB Chi-ju Zhang 0-0: Ball
1-0: Ball
2-0: Ball
3-0: Called Strike
3-1: Base on Balls
Andrés Rodríguez to second
Batting: LHB Tim Hargrove 0-0: Called Strike
Andrés Rodríguez steals 3rd base
Chi-ju Zhang to second
0-1: Ball
1-1: Ball
2-1: Foul Ball, location: 2F
2-2: Ball
3-2: Base on Balls
Batting: RHB José López 0-0: Called Strike
0-1: SINGLE (Line Drive, 56D)
Andrés Rodríguez scores
Chi-ju Zhang to third
Tim Hargrove to second
Runner from 3rd tries for Home, SAFE, throw made home
Pitching: LHP Royce Bradshaw
Batting: SHB Adrián Pueblo 0-0: Ball
1-0: Grounds into double play, U6-3 (Groundball, 6M)
Bottom of the 6th over - 3 run(s), 3 hit(s), 0 error(s), 1 left on base; Atlanta 4 - Louisville 11
TOP OF THE 7TH
Atlanta Smoke batting - Pitching for Louisville BC : RHP Leroy Picot
Batting: RHB Mike Brown 0-0: Called Strike
0-1: Ball
1-1: Swinging Strike
1-2: Ball
2-2: Ground out 5-3 (Groundball, 56)
Batting: RHB Anthony Johnston 0-0: Fly out, F6 (Line Drive, 6)
Batting: RHB Bartolo Morales 0-0: Called Strike
0-1: Foul Ball, location: 2F
0-2: Ball
1-2: Ball
2-2: Strikes out swinging
Top of the 7th over - 0 run(s), 0 hit(s), 0 error(s), 0 left on base; Atlanta 4 - Louisville 11
BOTTOM OF THE 7TH
Louisville BC batting - Pitching for Atlanta Smoke : LHP Royce Bradshaw
Batting: RHB Cliff May 0-0: Ball
1-0: Ball
2-0: SINGLE (Groundball, 34D)
Batting: SHB Chris Williamson 0-0: Ball
1-0: Ball
2-0: Foul Ball, location: 2F
2-1: Fly out, F8 (Line Drive, 8LS)
Batting: LHB Carroll Martin 0-0: Fielders Choice at 2nd, 2-6 (Groundball, 2L)
Batting: RHB José Lozano 0-0: Ball
1-0: Ball
2-0: Hit by Pitch
Carroll Martin to second
Batting: RHB Andrés Rodríguez 0-0: Ground out 5-3 (Groundball, 56)
Bottom of the 7th over - 0 run(s), 1 hit(s), 0 error(s), 2 left on base; Atlanta 4 - Louisville 11
TOP OF THE 8TH
Atlanta Smoke batting - Pitching for Louisville BC : RHP Leroy Picot
Now at 2B: Noriaki Okada
Now at SS: Arturo Acevedo
Batting: LHB Bernardo Elías 0-0: Ball
1-0: Foul Ball, location: 2F
1-1: Bunt missed!
1-2: Strikes out swinging
Batting: LHB Albert Morán 0-0: Ball
1-0: Foul Ball, location: 2F
1-1: Called Strike
1-2: Ball
2-2: Foul Ball, location: 2F
2-2: Ball
3-2: Foul Ball, location: 2F
3-2: Base on Balls
Pitching: LHP Ronaldo Rey
Batting: RHB Chris Teague 0-0: Ball
1-0: SINGLE (Line Drive, 6M)
Albert Morán to second
Batting: LHB Carl Gore 0-0: Ball
1-0: Ball
2-0: Foul Ball, location: 2F
2-1: Ball
3-1: Called Strike
3-2: Base on Balls
Albert Morán to third
Chris Teague to second
Batting: RHB Iván Pérez 0-0: Called Strike
0-1: Ball
1-1: Ball
2-1: Ball
3-1: Foul Ball, location: 2F
3-2: Base on Balls
Albert Morán scores
Chris Teague to third
Carl Gore to second
Batting: RHB Cale Sutton 0-0: Ball
1-0: Called Strike
1-1: Ball
2-1: Fielders Choice at 2nd, 6-4 (Groundball, 6)
Chris Teague scores
Carl Gore to third
Batting: RHB Mike Brown 0-0: Fly out, F9 (Flyball, 9LM)
Top of the 8th over - 2 run(s), 1 hit(s), 0 error(s), 2 left on base; Atlanta 6 - Louisville 11
BOTTOM OF THE 8TH
Louisville BC batting - Pitching for Atlanta Smoke : LHP Royce Bradshaw
Batting: RHB Chi-ju Zhang 0-0: Ball
1-0: Ball
2-0: Ball
3-0: Called Strike
3-1: Called Strike
3-2: Foul Ball, location: 2F
3-2: Foul Ball, location: 2F
3-2: Base on Balls
Batting: LHB Tim Hargrove 0-0: Ball
Wild Pitch!
Chi-ju Zhang to second
1-0: Ball
2-0: Foul Ball, location: 2F
2-1: Ball
3-1: Base on Balls
Batting: RHB José López 0-0: Ball
1-0: Foul Ball, location: 2F
1-1: Foul Ball, location: 2F
1-2: Strikes out swinging
Batting: SHB Adrián Pueblo 0-0: Ball
1-0: Ball
2-0: Ball
3-0: Base on Balls
Chi-ju Zhang to third
Tim Hargrove to second
Batting: RHB Cliff May 0-0: Called Strike
0-1: Fly out, F9 (Flyball, 9M)
Runner from 3rd tags up, SCORES, throw made
Batting: SHB Chris Williamson 0-0: Ball
1-0: Foul Ball, location: 2F
1-1: Ball
2-1: SINGLE (Groundball, 56)
Tim Hargrove to third
Adrián Pueblo to second
Runner from 3rd tries for Home, SAFE, no throw or cutoff
Batting: LHB Carroll Martin 0-0: Called Strike
0-1: Ground out 4-3 (Groundball, 4)
Bottom of the 8th over - 2 run(s), 1 hit(s), 0 error(s), 2 left on base; Atlanta 6 - Louisville 13
TOP OF THE 9TH
Atlanta Smoke batting - Pitching for Louisville BC : LHP Ronaldo Rey
Batting: RHB Anthony Johnston 0-0: Called Strike
0-1: Ball
1-1: Ground out 4-3 (Groundball, 4)
Batting: RHB Bartolo Morales 0-0: Ball
1-0: Ball
2-0: Foul Ball, location: 2F
2-1: Fly out, F3 (Popup, 3S)
Batting: LHB Bernardo Elías 0-0: Called Strike
0-1: Called Strike
0-2: Foul Ball, location: 2F
0-2: Ball
1-2: Foul Ball, location: 2F
1-2: Strikes out swinging
Top of the 9th over - 0 run(s), 0 hit(s), 0 error(s), 0 left on base; Atlanta 6 - Louisville 13
This league is powered by Out of the Park Baseball, the baseball management simulation game for PC, Mac and Linux
Friday, July 8th, 2016 - OOTP Baseball 16.9 Build 39